 Dungeon Crawl Stone Soup version 0.18-a0-1267-gff090c1 (webtiles) character file.

148 realDonaldTrump the Digger (level 5, -1/38 HPs)
             Began as a Demonspawn Earth Elementalist on Feb 6, 2016.
             Was an Initiate of Gozag.
             Slain by an orc wizard
             ... wielding a +0 dagger
              (2 damage)
             ... on level 4 of the Dungeon.
             The game lasted 00:05:47 (2420 turns).

realDonaldTrump the Digger (DsEE)                   Turns: 2420, Time: 00:05:47

Health: -1/38      AC:  3    Str:  8    XL:     5   Next: 8%
Magic:  0/8        EV: 13    Int: 17    God:    Gozag
Gold:   204        SH:  0    Dex: 14    Spells: 2 memorised, 5 levels left

rFire  . . .     SeeInvis .     b - 76 stones
rCold  + . .     Gourm    .     k - +0 robe
rNeg   . . .     Faith    .     (no shield)
rPois  +         Spirit   .     (no helmet)
rElec  .         Dismiss  .     (no cloak)
rCorr  .         Reflect  .     j - +0 pair of gloves
SustAt .         Harm     .     (no boots)
MR     .....                    p - amulet of regeneration
Stlth  +++.......               o - ring of poison resistance
                                f - ring of protection from cold

@: not resistant to hostile enchantments, fairly stealthy
A: hooves 2, nightstalker 1
a: Potion Petition, Call Merchant, Bribe Branch, Renounce Religion


You were on level 4 of the Dungeon.
You worshipped Gozag.
Gozag was noncommittal.
You were near starving.

You visited 1 branch of the dungeon, and saw 4 of its levels.

You collected 215 gold pieces.
You paid 11 gold pieces to Gozag.

Inventory:

Hand Weapons
 a - a +0 whip
Missiles
 b - 76 stones (in hand)
Armour
 j - a +0 pair of gloves (worn)
 k - a +0 robe (worn)
Jewellery
 f - a ring of protection from cold (left hand)
 o - a ring of poison resistance (right hand)
 p - an amulet of regeneration (around neck)
 t - an uncursed ring of positive energy
 w - an uncursed ring of protection from cold
Scrolls
 e - a scroll of remove curse {unknown}
 h - a scroll of random uselessness {unknown}
 m - 3 scrolls of teleportation {unknown}
 q - a scroll of magic mapping {unknown}
 u - 2 scrolls of identify {unknown}
Potions
 l - a potion of lignification {unknown}
 n - a potion of resistance {unknown}
 s - a potion of degeneration {unknown}
 v - a potion of might {unknown}
Books
 c - a book of Geomancy

   Spells                             Type                      Level
   a - Sandblast                      Earth                        1
   b - Passwall                       Transmutation/Earth          2
   c - Stone Arrow                    Conjuration/Earth            3
   d - Petrify                        Transmutation/Earth          4
   e - Lee's Rapid Deconstruction     Earth                        5
Comestibles
 d - 3 bread rations
 g - 3 meat rations
 i - 3 beef jerkies
 r - 2 fruits


   Skills:
 + Level 2.0 Fighting
 + Level 2.8 Dodging
 - Level 1.7 Stealth
 + Level 2.6 Spellcasting
   Level 0.8 Transmutations
 * Level 3.9 Earth Magic


You had 5 spell levels left.
You knew the following spells:

 Your Spells              Type           Power        Failure   Level  Hunger
a - Sandblast             Erth           ###...       3%          1    #......
b - Stone Arrow           Conj/Erth      #.....       24%         3    ###....


Dungeon Overview and Level Annotations

Branches:
Dungeon (4/15)
 Temple: D:4-7

Altars:
Ashenzari
Dithmenos
Gozag


Innate Abilities, Weirdness & Mutations

You have hoof-like feet.
You are slightly more attuned to the shadows.


Message History

The orc wizard gestures at you while chanting.
The puff of frost hits you! You resist.
* * * LOW HITPOINT WARNING * * *
Casting: Sandblast
Confirm with . or Enter, or press ? or * to list all spells.
Aiming: Sandblast
Press: ? - help, Shift-Dir - straight line, f - orc wizard
Aim: an orc wizard, wielding a dagger and wearing a robe (almost dead, fast)
The blast of sand misses the orc wizard.
The orc wizard misses you.
You barely miss the orc wizard. Your kick misses the orc wizard.
The orc wizard is almost dead.
The orc wizard gestures at you while chanting.
The puff of flame hits you!
* * * LOW HITPOINT WARNING * * *
The orc wizard barely misses you.
b - 76 stones (in hand)
The orc wizard hits you with a dagger.
You die...
Your body crumbles into a pile of gold.

#..# ## #..# #
.##..# .. ##
.#..##o#
#.###o..o.
#@#.#.$# $
##o##..# #o##..#
.#####.##o.####
................
.###.#..........
#.......#....
###.##..###.#..
........# #..


You could see 2 orc wizards.

Vanquished Creatures
  An orc priest (D:3)
  An orc wizard (D:4)
  3 adders
  2 worms (D:2)
  A giant gecko (D:2)
  7 orcs (D:3)
  2 giant cockroaches
  4 goblins (D:1)
  5 hobgoblins
  2 quokkas
  2 ball pythons (D:1)
  9 bats
  4 giant newts
  5 kobolds
  8 rats
56 creatures vanquished.

Notes
Turn   | Place    | Note
--------------------------------------------------------------
     0 | D:1      | realDonaldTrump the Demonspawn Earth Elementalist began the quest for the Orb.
     0 | D:1      | Reached XP level 1. HP: 13/13 MP: 3/3
     0 | D:1      | MAKING CRAWL GREAT AGAIN
   228 | D:1      | Gained mutation: You have large cloven feet. [demonic ancestry]
   228 | D:1      | Reached XP level 2. HP: 20/20 MP: 3/5
   237 | D:1      | Found a shattered altar of Ashenzari.
   276 | D:1      | Reached skill level 3 in Earth Magic
   348 | D:1      | Reached skill level 1 in Fighting
  1011 | D:2      | Reached XP level 3. HP: 7/26 MP: 1/6
  1213 | D:2      | Found a shadowy altar of Dithmenos.
  1305 | D:2      | Learned a level 3 spell: Stone Arrow
  1369 | D:2      | Found an opulent altar of Gozag.
  1375 | D:2      | Became a worshipper of Gozag Ym Sagoz the Greedy
  1791 | D:3      | Gained mutation: You are slightly more attuned to the shadows. [demonic ancestry]
  1791 | D:3      | Reached XP level 4. HP: 19/33 MP: 7/7
  2384 | D:4      | Gained mutation: You have hoof-like feet. [demonic ancestry]
  2384 | D:4      | Reached XP level 5. HP: 38/38 MP: 0/8
  2419 | D:4      | HP: 1/38 [orc wizard/puff of flame (10)]
  2420 | D:4      | Slain by an orc wizard

Vault maps used:
D:1:      minmay_arrival_split_and_join, evilmike_ruin_ashenzari
D:2:      grunt_dithmenos_smoke_and_mirrors, nicolae_overflow_crystal_walls
D:3:      serial_curves, eino_curves_03, eino_curves_04, first_bread
D:4:      cheibriados_altar_1, nicolae_overflow_hidden_temple, serial_shops,
          shop, uniq_sigmund

Action                   |  1- 3 |  4- 6 || total
-------------------------+-------+-------++-------
Melee: Unarmed           |    14 |       ||    14
       Whip              |    94 |    49 ||   143
 Cast: Sandblast         |    48 |    19 ||    67
 Stab: Sleeping          |     1 |     1 ||     2
  Eat: Chunk             |     3 |       ||     3
       Fruit             |       |     1 ||     1
